 Dungeon Crawl Stone Soup version 0.31-a0-997-g9a2f3ffc92 (webtiles) character file.

Game seed: 8115405910656530397

8 Dirtsage the Chopper (level 2, 24/24 HPs)
             Began as a Demonspawn Berserker on Nov 7, 2023.
             Was a Follower of Trog.
             Quit the game on level 1 of the Dungeon.
             The game lasted 00:01:14 (217 turns).

Dirtsage the Chopper (Demonspawn Berserker)          Turns: 217, Time: 00:01:15

Health: 24/24      AC:  8    Str: 17    XL:     2   Next: 0%
Magic:  2/2        EV:  8    Int:  8    God:    Trog [*.....]
Gold:   11         SH:  0    Dex: 12    Spells: 1/1 levels left

rFire   . . .        a - +0 hand axe
rCold   . . .        (no shield)
rNeg    . . .        c - +0 chain mail
rPois   .            (helmet restricted)
rElec   .            (no cloak)
rCorr   .            (no gloves)
SInv    .            (no boots)
Will    .....        (no amulet) Stlth
                     (no ring)
HPRegen 0.24/turn    (no ring)
MPRegen 0.08/turn

%: no passive effects
@: no status effects
A: antennae 1
a: Renounce Religion, Berserk


You were on level 1 of the Dungeon.
You worshipped Trog.
Trog was aware of your devotion.
You visited 1 branch of the dungeon, and saw 1 of its levels.

You collected 11 gold pieces.

Inventory:

Hand Weapons
 a - a +0 hand axe (weapon)
Armour
 b - a +0 animal skin
 c - a +0 chain mail (worn)
Scrolls
 d - a scroll of vulnerability {unknown}
Potions
 e - a potion of lignification {unknown}
 f - a potion of enlightenment {unknown}


   Skills:
 - Level 3.0 Fighting
 + Level 3.2 Axes
 - Level 1.7 Armour
 - Level 1.7 Dodging


You had one spell level left.
You didn't know any spells.
Your spell library was empty.

Dungeon Overview and Level Annotations

Branches:
Dungeon (1/15)

Altars:


Innate Abilities, Weirdness & Mutations

You have a pair of small antennae on your head.


Message History

No target in view!
A frilled lizard comes into view.
The frilled lizard hisses angrily.
You miss the frilled lizard. The frilled lizard barely misses you.
The frilled lizard bites you but does no damage.
You barely miss the frilled lizard.
The frilled lizard bites you but does no damage.
You slash the frilled lizard!
You kill the frilled lizard!
Trog accepts your kill.
No target in view!
No target in view!
No target in view!
No target in view!
You now have 11 gold pieces.
f - a puce potion You open the door.
There is an open door here.
You enter the shallow water.
Moving in this stuff is going to be slow.
You open the door.
There is an open door here.
There is an open door here.
A hobgoblin comes into view.
The hobgoblin shouts!
A hobgoblin is nearby!
A rat comes into view.
The hobgoblin barely misses you.
You hit the hobgoblin.
The hobgoblin is almost dead.
The hobgoblin hits you but does no damage.
You hit the hobgoblin.
You kill the hobgoblin!
Trog accepts your kill.
You have reached level 2!
You feel monstrous as your demonic heritage exerts itself.
Your demonic ancestry asserts itself...
A pair of antennae grows on your head!
Health restored: 24; MP restored: 2 Are you sure you want to abandon this character and quit the game? (Confirm with "yes".)

..# ....... .....
....... . ....
....... #. ...
...r.# ....#+.###
.....##
..........#.......
#.#...
#...#.†......
#.)#..##..#.@####
...#....#......+
...#..#......##
#.. #..##..##
#.##..##..##..#
#....#..#....##
#....#...###
..#..##..#....#
.#...##...#...###


You could see a rat.

Vanquished Creatures
  A bat (D:1)
  An endoplasm (D:1)
  2 goblins (D:1)
  A hobgoblin (D:1)
  A frilled lizard (D:1)
  A kobold (D:1)
7 creatures vanquished.

Notes
Turn   | Place    | Note
-------+----------+-------------------------------------------
     0 | D:1      | Dirtsage the Demonspawn Berserker began the quest for the
                  | Orb.
     0 | D:1      | Reached XP level 1. HP: 18/18 MP: 1/1
   217 | D:1      | Discovered your monstrous ancestry.
   217 | D:1      | Gained mutation: You have a pair of small antennae on your
                  | head. [demonic ancestry]
   217 | D:1      | Reached XP level 2. HP: 24/24 MP: 2/2
   217 | D:1      | Quit the game

Illustrated notes

Levels and vault maps discovered:
D:1:      tarquinn_simple_flora_water_f, layout_basic, serial_park_tiny_pond,
          chequers_serial_rivers_small_b, kennysheep_small_spiral,
          chequers_serial_rivers_room_b, minivault_26, serial_bayou_pond_e

Skill      XL: |  1 |
---------------+----+-----
Axes           | 3 |  3.2
Fighting       | |  3.0
Armour         | |  1.7
Dodging        | |  1.7

Action                     || total
---------------------------++-------
  Melee: Hand axe          ||    17
 Armour: Chain mail        ||     8
         Animal skin       ||     4
  Dodge: Dodged            ||     6

Table legend: (Time is in decaauts)
 A = Elapsed time spent in this place.
 B = Non-inter-level travel time spent in this place.
 C = Inter-level travel time spent in this place.
 D = Time resting spent in this place.
 E = Time spent auto-exploring this place.
 F = Levels seen in this place.
 G = Mean time per level.
                   A        B        C        D        E       F      G
               +--------+--------+--------+--------+--------+-----+--------+
         Total |    221 |    221 |      0 |      0 |    167 |   1 |  221.0 |
       Dungeon |    221 |    221 |      0 |      0 |    167 |   1 |  221.0 |
               +--------+--------+--------+--------+--------+-----+--------+

Top non-repeatable levels by time:
     D:1: 221 daAuts
